Map: Lerilak Crest

Players

Blaze - Winner!

  • Race: Zerg Zerg
  • League: Diamond

LilDicky

  • Race: Terran Terran
  • League: Diamond

VOD

http://www.twitch.tv/tumescentpie

Description

Time

  • Played on: Dec. 6, 2015, 4:50 p.m.
  • Length: 6:22
Show
View Real Time Build Order
Export as new Build Order

Blaze Zerg - Winner!

Build Orders: Hatch First 

Get SALT Encoding   

  12  0:01  Drone  
  13  0:12  Overlord  
  13  0:18  Drone  
  14  0:30  Drone x2  
  14  0:34  Drone  
  17  0:46  Drone  
  18  0:58  Hatchery  
  17  1:08  Spawning Pool  
  16  1:11  Extractor  
  16  1:13  Drone  
  16  1:16  Drone  
  17  1:22  Drone  
  18  1:31  Overlord  
  18  1:42  Drone  
  18  1:45  Extractor  
  18  1:53  Drone  
  19  1:55  Queen  
  19  2:01  Drone  
  22  2:10  Drone  
  22  2:11  Drone  
  22  2:12  Queen  
  26  2:21  Roach Warren  
  25  2:24  Drone  
  25  2:28  Drone  
  27  2:45  Drone  
  27  2:48  Drone x3  
  31  3:00  Drone x2  
  31  3:03  Lair  
  33  3:10  Evolution Chamber  
  33  3:11  Evolution Chamber  
  31  3:14  Queen  
  33  3:35  Drone  
  33  3:36  Drone x2  
  33  3:37  Overlord x2  
  33  3:40  Zerg Missile Weapons Level 1  
  36  3:46  Zerg Ground Armor Level 1  
  36  4:05  Glial Reconstitution  
  36  4:07  Roach  
  38  4:10  Roach  
  38  4:11  Roach x4  
  48  4:36  Hatchery, Roach x2  
  51  4:45  Drone  
  52  4:47  Overlord x2  
  52  5:09  Roach x4  
  52  5:10  Roach x3  
  52  5:11  Drone  
  52  5:12  Drone  
  68  5:23  Overlord  
  68  5:24  Overlord  
  68  5:43  Drone x3  
  68  5:47  Drone x2  
  73  6:01  Drone x2  
  73  6:02  Drone x6  
Show
View Real Time Build Order
Export as new Build Order

LilDicky Terran 

Build Orders: Command Center First (CC) 

Get SALT Encoding   

  12  0:01  SCV  
  13  0:13  SCV  
  14  0:17  Supply Depot  
  14  0:25  SCV  
  15  0:39  SCV  
  16  0:58  Command Center  
  16  1:01  SCV  
  17  1:15  SCV  
  17  1:16  Barracks  
  18  1:27  SCV  
  19  1:39  SCV  
  20  1:48  Supply Depot  
  20  1:52  SCV  
  21  2:02  Command Center  
  21  2:04  Marine  
  23  2:16  Orbital Command  
  23  2:22  Orbital Command  
  22  2:31  Marine  
  24  2:49  Marine  
  25  2:53  SCV  
  25  2:55  SCV  
  26  3:02  Command Center  
  26  3:05  SCV  
  27  3:07  Marine  
  27  3:09  SCV  
  29  3:17  SCV  
  29  3:18  Orbital Command  
  30  3:23  Command Center  
  30  3:26  Marine  
  31  3:29  SCV  
  31  3:31  SCV  
  33  3:36  Refinery  
  33  3:37  Refinery  
  33  3:41  SCV  
  33  3:43  SCV  
  33  3:48  SCV, Refinery, Marine  
  36  3:49  Refinery  
  36  3:53  SCV  
  36  3:54  Orbital Command  
  38  4:07  SCV  
  39  4:12  SCV  
  41  4:18  Marine  
  41  4:20  Supply Depot, Orbital Command  
  41  4:21  SCV  
  41  4:22  SCV  
  41  4:23  Command Center  
  43  4:32  Bunker  
  43  4:34  Bunker  
  43  4:36  Marine  
  44  4:38  SCV x2  
  44  4:40  Orbital Command  
  44  4:43  SCV  
  47  4:46  SCV  
  47  4:50  SCV  
  47  4:51  SCV  
  50  4:52  Factory  
  50  4:55  SCV  
  50  4:57  Marine  
  51  5:09  Supply Depot  
  51  5:12  Bunker  
  51  5:13  SCV  
  52  5:15  Supply Depot, Marine  
  52  5:19  SCV x2  
  55  5:23  SCV x2  
  57  5:30  Command Center  
  57  5:32  SCV, Marine  
  59  5:44  SCV, Engineering Bay  
  59  5:46  Factory Tech Lab  
  60  5:50  SCV x2, Marine  
  60  5:51  SCV x2, Refinery x2  
  60  5:54  Orbital Command  
  60  5:56  SCV  
  66  6:02  SCV  
  66  6:03  SCV  
  68  6:05  SCV x2  
  68  6:08  SCV  
  68  6:11  Bunker  
  74  6:15  Starport x2  
Tags
 
Add a new tag
Caveats
  • Supply blocks, unpowered buildings, or Contaminate may cause inaccurate times.
  • Supply counts are checked every 10 seconds.